Unix xNetHack Version 8.0.0 - last build Jun 13 2023 01:05:28 (4b7ecc64c373f7294607d497be3f7ce1783331ac). Game began 2023-07-22 14:13:14, ended 2023-07-22 17:14:58. puncake, chaotic male elven Wizard ----- |....# ----- |...|##)##[#%...| |.<.-# |)..|# | -----# |.~.-#### .-+-- --.--####)....| # {..- # # .. ## # - ### ---------- # # |........| # ##-....a@..| # ##|...^....| # ##.........| # #####---------- # # # # ################################### Puncake the Thaumaturge St:6 Dx:16 Co:14 In:20 Wi:11 Ch:11 Chaotic S:3286 Dlvl:7 $:514 HP:0(34) Pw:10(81) AC:10 Xp:6/618 T:4623 Latest messages: In what direction? You kill the gnomish wizard! You strike the gnome. The gnome punches you! In what direction? In what direction? The dagger misses the gnome. You ready: D - a wooden elven dagger {3}. In what direction? ^M The gnome wields a dagger! In what direction? The wooden elven dagger hits the gnome. You kill the gnome! E - a dagger (at the ready) {10}. D - a wooden elven dagger {3}. E - a dagger (at the ready) {10} (2 in total). The giant ant bites! The giant ant bites! The giant ant bites! The giant ant bites! In what direction? The spell misses the giant ant. The giant ant bites! The giant ant bites! In what direction? s You feel much better. The giant ant bites! The giant ant bites! You whack the giant ant. The giant ant bites! The giant ant bites! In what direction? The spell misses the giant ant. The giant ant bites! The giant ant bites! In what direction? The spell misses the giant ant. The giant ant bites! The giant ant bites! What do you want to write with? You write in the dust with a brass wand {7}. The giant ant bites! The giant ant bites! The giant ant bites! What do you want to write with? You write in the dust with your fingertip. The giant ant bites! The giant ant bites! You die... Do you want to see the dungeon overview? y Inventory: Inventory: 459/550 weight (32/52 slots) Coins $ - 514 gold pieces {5} Amulets s - an uncursed silver amulet of ESP {25} Weapons E - 2 uncursed +0 daggers (at the ready) {20} D - an uncursed +0 wooden elven dagger {3} a - a blessed +1 quarterstaff (weapon in hands) {40} Armor P - an uncursed +0 dwarvish cloak (being worn) {8} Comestibles u - an uncursed cum {5} k - 3 uncursed food rations {60} F - 2 uncursed fortune cookies {2} h - an uncursed tripe ration {10} Scrolls y - 2 blessed scrolls of blank paper {10} x - 5 uncursed scrolls of blank paper {25} z - a blessed scroll of charging {5} H - an uncursed scroll of create monster {5} I - an uncursed scroll of enchant weapon {5} l - an uncursed scroll of remove curse {5} o - a cursed scroll of remove curse {5} Potions r - an uncursed potion of sleeping {20} C - an uncursed potion of speed {20} Rings w - a cursed ring of protection from shape changers named cursed {3} A - an uncursed ring of searching {3} Wands Q - an uncursed wand of nothing (0:4) {7} Tools q - an uncursed bag of holding containing 6 items {119} g - an uncursed bell {30} O - an uncursed skeleton key {3} b - an uncursed tallow candle {2} N - an uncursed towel {2} Gems/Stones j - an uncursed jade stone {1} n - 5 uncursed worthless pieces of blue glass {5} J - an uncursed worthless piece of green glass {1} M - an uncursed worthless piece of white glass {1} t - 2 uncursed worthless pieces of yellow glass {2} K - 2 uncursed worthless pieces of yellowish brown glass {2} Contents of the bag of holding: 8 uncursed +0 silver darts an uncursed spellbook of detect monsters an uncursed spellbook of extra healing a blessed spellbook of force bolt an uncursed spellbook of healing a blessed spellbook of magic missile Puncake the Wizard's attributes: Background: You were a Thaumaturge, a level 6 male elven Wizard. You were chaotic, on a mission for Anhur who was opposed by Ptah (lawful) and Thoth (neutral). You were heterosexual. You were in the Gnomish Mines, on level 7. You entered the dungeon 4623 turns ago. You had 618 experience points, 22 more were needed to attain level 7. Your score was 3286 before end-of-game adjustments. Basics: You had 0 out of 34 hit points. You had 10 out of 81 energy points (spell power). Your armor class was 10. Your wallet contained 514 zorkmids. Autopickup was on for '$?!/="+' plus thrown, with exceptions. Final Characteristics: Your strength was 6 (peak:8, limit:18). Your dexterity was 16 (limit:18). Your constitution was 14 (limit:16). Your intelligence was 20 (limit:20). Your wisdom was 11 (limit:20). Your charisma was 11 (limit:18). Final Status: You were not hungry. You were unencumbered. You were wielding a quarterstaff. You had basic skill with quarterstaff. Final Attributes: You were piously aligned. You were sleep resistant. You were telepathic. You had infravision. You were warded. You are dead. Miscellaneous: You never encountered a bones level. Total elapsed playing time was 37 minutes and 29 seconds. Major events: Turn 1: puncake the chaotic male elven Wizard entered the dungeon 1493: attained the rank of Conjurer (level 3) 3035: entered the Gnomish Mines 3637: attained the rank of Thaumaturge (level 6) 4623: killed by a giant ant Vanquished creatures: a gnome ruler 3 human zombies a rock piercer a rock mole a shrieker 4 gnome leaders 2 gnomish wizards a guardian naga hatchling an elf zombie 2 paper golems 2 giant ants 2 floating eyes 8 dwarves a homunculus a rothe 2 rabid rats a giant bat a monkey a werejackal an iguana an acid blob a coyote a gas spore 3 hobbits 2 giant rats a yellow mold 30 gnomes a gnome zombie 2 geckos 5 jackals 2 foxes a kobold a goblin 3 sewer rats 3 grid bugs a lichen 5 newts 100 creatures vanquished. No species were genocided or became extinct. Voluntary challenges: You read items or engraved 4 times. You never genocided any monsters. You never polymorphed an object. You never touched an artifact. You used no wishes. You never scared an enemy with impunity. You were celibate. You never generated conflict. Achievements: You entered a shop. You attained the rank of Conjurer. You entered the Gnomish Mines. You attained the rank of Thaumaturge. Dungeon overview: The Dungeons of Doom: levels 1 to 7 Level 1: Level 2: A scroll shop, some fountains. Level 3: Stairs down to The Gnomish Mines. Level 4: Level 5: Many fountains. Oracle of Delphi. Level 6: A tree. Level 7: The Gnomish Mines: levels 4 to 7 Level 4: Level 5: Level 6: Level 7: <- You were here. A fountain. Final resting place for you, killed by a giant ant. Game over: __________ / \ / REST \ / IN \ / PEACE \ / \ | puncake | | 514 Au | | killed by a | | giant ant | | | | | | 2023 | *| * * * | * _________)/\\_//(\/(/\)/\//\/|_)_______ Goodbye puncake the Wizard... You died in The Gnomish Mines on dungeon level 7 with 3235 points, and 514 pieces of gold, after 4623 moves. You were level 6 with a maximum of 34 hit points when you died.